 Dungeon Crawl Stone Soup version 0.30-a0-1066-g63dfefce0d (webtiles) character file.

Game seed: 7491733650053214128

11526 cheesebisquit the Arsonist (level 11, -4/94 HPs)
             Began as a Green Draconian Fire Elementalist on Apr 12, 2023.
             Was an Elder of Ru.
             Slain by a vampire mosquito (8 damage)
             ... on level 10 of the Dungeon.
             The game lasted 00:48:24 (12144 turns).

cheesebisquit the Arsonist (DrFE)                  Turns: 12144, Time: 00:48:25

Health: -4/94      AC: 12    Str: 12    XL:     11   Next: 50%
Magic:  13/30      EV: 14    Int: 19    God:    Ru [****..]
Gold:   677        SH:  0    Dex: 11    Spells: 6/24 levels left

rFire   . . .      SeeInvis .    q - +7 staff of the Meek {protect, meekguard}
rCold   . . .      Faith    .    (shield currently unavailable)
rNeg    . . .      Spirit   .    (body armour unavailable)
rPois   +          Reflect  .    M - +1 hat {Will+}
rElec   .          Rampage  .    E - +1 cloak
rCorr   .                        o - +1 pair of gloves
Will    +....                    (no boots) Stlth
                                 O - amulet of the acrobat
HPRegen 0.35/turn                j - ring of wizardry
MPRegen 0.22/turn                y - ring of magical power

@: confused, ambrosia-drunk
A: breathe noxious fumes, AC +7, unfitting armour, poison resistance,
cold-blooded, no stealth, inability to use devices, hated by all
a: Breathe Noxious Fumes, Renounce Religion, Draw Out Power, Power Leap


You were on level 10 of the Dungeon.
You worshipped Ru.
Ru was greatly pleased with you.
You visited 2 branches of the dungeon, and saw 12 of its levels.

You collected 677 gold pieces.

Inventory:

Hand Weapons
 b - a +0 short sword
 q - the +7 staff of the Meek (weapon) {protect, meekguard}
   (You found it on level 2 of the Dungeon)
 u - a +0 flail
Missiles
 d - 38 poisoned darts
 i - 5 throwing nets
 D - 7 atropa-tipped darts
 K - 7 boomerangs
 N - a curare-tipped dart
Armour
 o - a +1 pair of gloves (worn)
 E - a +1 cloak (worn)
 M - a +1 hat of willpower (worn)
 P - a +0 kite shield
Jewellery
 j - a ring of wizardry (left hand)
 w - a +4 ring of protection
 y - a ring of magical power (right hand)
 C - a ring of magical power
 I - a +6 ring of dexterity
 O - an amulet of the acrobat (around neck)
Wands
 v - a wand of charming (27)
Scrolls
 f - 3 scrolls of teleportation
 g - a scroll of immolation
 k - a scroll of magic mapping {unknown}
 l - 2 scrolls of fog
 s - a scroll of poison
 x - a scroll of butterflies {unknown}
 B - 3 scrolls of vulnerability
 F - 2 scrolls of torment {unknown}
 H - a scroll of fear {unknown}
 J - 2 scrolls of blinking {unknown}
Potions
 a - 4 potions of magic
 c - 2 potions of cancellation
 h - 4 potions of mutation
 m - 4 potions of brilliance
 n - 2 potions of might
 p - a potion of ambrosia
 r - a potion of haste {unknown}
 t - a potion of curing {unknown}
 z - a potion of invisibility {unknown}
 A - 2 potions of lignification {unknown}
 G - a potion of resistance {unknown}
 L - 2 potions of flight {unknown}
 Q - a potion of degeneration {unknown}


   Skills:
 + Level 8.1 Fighting
 + Level 7.4 Staves
 + Level 7.1 Dodging
 + Level 7.1 Spellcasting
 - Level 1.0 Conjurations
 + Level 10.7 Fire Magic
 + Level 4.2 Poison Magic


You had 6 spell levels left.
You knew the following spells:

 Your Spells              Type           Power      Damage    Failure   Level
a - Foxfire               Conj/Fire      100%       2x1d9     1%          1
b - Inner Flame           Hex/Fire       27%        N/A       1%          3
c - Volatile Blastmotes   Fire/Tloc      54%        2d14      1%          3
d - Flame Wave            Conj/Fire      29%        2d9       3%          4
e - Ignite Poison         Fire/Tmut/Pois 25%        N/A       1%          3
f - Cigotuvi's Dreadful   Necr/Pois/Air  24%        N/A       3%          2
z - Scorch                Fire           94%        2d9       1%          2

Your spell library contained the following spells:

 Spells                   Type           Power      Damage    Failure   Level
 Kiss of Death            Conj/Necr      32%        2d7       3%          1
 Shock                    Conj/Air       32%        1d5       3%          1
 Sticky Flame             Conj/Fire      29%        2d5       3%          4
 Apportation              Tloc           12%        N/A       4%          1
 Necrotise                Necr           24%        1d5       4%          1
 Lesser Beckoning         Tloc           12%        N/A       6%          2
 Confusing Touch          Hex            6%         N/A       12%         3
 Frozen Ramparts          Ice            12%        1d2       12%         3
 Gell's Gravitas          Tloc           6%         N/A       12%         3
 Swiftness                Air            6%         N/A       12%         3
 Teleport Other           Tloc           6%         N/A       12%         3
 Airstrike                Air            3%         2d(1-17)  36%         4
 Dispel Undead            Necr           6%         3d8       36%         4
 Ice Form                 Ice/Tmut       6%         N/A       36%         4
 Freezing Cloud           Conj/Ice/Air   4%         6-21      65%         5
 Summon Small Mammal      Summ           Unusable   N/A       N/A         1
 Summon Ice Beast         Ice/Summ       Unusable   N/A       N/A         4
 Malign Gateway           Summ/Tloc      Unusable   N/A       N/A         7
 Summon Horrible Things   Summ           Unusable   N/A       N/A         8

Dungeon Overview and Level Annotations

Branches:
Dungeon (11/15)            Temple (1/1) D:7            Lair (0/5) D:8
    Orc: D:9-12

Altars:
Ashenzari
Cheibriados
Dithmenos
Elyvilon
Gozag
Kikubaaqudgha
Makhleb
Nemelex Xobeh
Okawaru
Qazlal
Ru
Sif Muna
Trog
Uskayaw
Vehumet
Wu Jian
Xom
Zin
The Shining One

Annotations:
D:6 1 runed translucent door


Innate Abilities, Weirdness & Mutations

You can breathe blasts of noxious fumes.
Your lurid green scales are hard. (AC +7)
You cannot fit into any form of body armour.
Your system is resistant to poisons. (rPois)
You are cold-blooded and may be slowed by cold attacks.
You cannot be stealthy.
You cannot study or use magical devices.
You are hated by all.


Message History

The vampire mosquito is moderately damaged.
The vampire mosquito's fire resistance burns away.
The foxfire hits the vampire mosquito!
The vampire mosquito is burned terribly!
The vampire mosquito is severely damaged.
The foxfire hits the vampire mosquito.
The vampire mosquito is burned terribly!
The vampire mosquito is almost destroyed.
The vampire mosquito barely misses you. The vampire mosquito misses you.
You redirect the vampire mosquito's attack!
The vampire mosquito closely misses itself.
Casting: Foxfire (safe; 1% risk of failure)
Press: ? - help, Q - select action, (/) - cycle Dir - look around, f - activate You conjure some foxfire!
The vampire mosquito bites you.
* * * LOW HITPOINT WARNING * * *
The vampire mosquito draws strength from your injuries!
You focus your inner power and illuminate the vampire mosquito in retribution!
The vampire mosquito closely misses you.
The vampire mosquito bites you.
* * * LOW HITPOINT WARNING * * *
The vampire mosquito draws strength from your injuries!
You focus your inner power and illuminate the vampire mosquito in retribution!
The vampire mosquito completely misses you.
You are confused.
You feel invigorated.
The foxfire hits the vampire mosquito!
The vampire mosquito is burned terribly!
You destroy the vampire mosquito!
The foxfire hits the vampire mosquito.
The vampire mosquito is moderately damaged.
The vampire mosquito bites you!
* * * LOW HITPOINT WARNING * * *
The vampire mosquito draws strength from your injuries!
You focus your inner power and slow the vampire mosquito in retribution!
The vampire mosquito misses you.
Okay, then.
You are too confused!
The vampire mosquito attacks as you move away!
The vampire mosquito bites you!
You die...

######...........#####..
########.......................
#.........####..........#......
#..>......####..........#......
#.[............................
#.........##............#...###
###########..#..............##.
##.##y.........##.....
#..##@........>.#.....
#.###.†............##. #.#
#..............##.
#.###........##.......
##.##..........).....#.
#..##.########<[....... #.###.#
#).##..... #####.....#
####..##..... #.....#####
#............


You could see a vampire mosquito (slow, combustible).

Vanquished Creatures
  Gastronok (D:8)
  2 two-headed ogres (D:9)
  Amaemon (D:9)
  Maurice (D:9)
  Joseph (D:9)
  An orange demon (D:9)
  A tengu conjurer (D:8)
  A troll (D:10)
  3 hornets
  2 shadows (D:10)
  A basilisk (D:8)
  A vampire (D:9)
  3 wyverns
  8 yaks
  Grum (D:8)
  3 vampire mosquitoes (D:10)
  2 acid dragons
  3 water moccasins
  2 orc warriors
  3 black bears
  An ice beast (D:5)
  A sky beast (D:8)
  4 ogres
  2 wolves (D:8)
  2 centaurs
  A phantom (D:4)
  3 elf zombies (D:7)
  2 kobold brigands (D:8)
  A gnoll sergeant (D:9)
  2 bullfrogs (D:8)
  3 elf skeletons (D:7)
  2 scorpions
  A howler monkey (D:7)
  8 hounds
  A human zombie (D:7)
  A jelly (D:6)
  2 orc priests
  4 gnoll boudas
  4 human skeletons
  Jessica (D:3)
  3 iguanas (D:5)
  2 sleepcaps (D:6)
  13 orc wizards
  7 adders
  23 gnolls
  3 white imps
  2 worms
  A dart slug (D:2)
  24 orcs
  5 endoplasms
  4 giant cockroaches
  9 goblins
  4 hobgoblins
  4 jackals (D:1)
  2 quokkas
  5 ball pythons
  7 bats
  2 frilled lizards
  18 kobolds
  An orc skeleton (D:7)
  A rat (D:1)
227 creatures vanquished.

Vanquished Creatures (others)
  694 foxfires
  5 plants (D:11)
699 creatures vanquished.

Grand Total: 926 creatures vanquished

Notes
Turn   | Place    | Note
-------+----------+-------------------------------------------
     0 | D:1      | cheesebisquit the Draconian Fire Elementalist began the
                  | quest for the Orb.
     0 | D:1      | Reached XP level 1. HP: 14/14 MP: 3/3
   174 | D:1      | Reached XP level 2. HP: 20/20 MP: 0/5
   665 | D:1      | Reached skill level 4 in Fire Magic
   840 | D:1      | Reached XP level 3. HP: 26/26 MP: 4/6
  1024 | D:1      | Found a faded altar of an unknown god.
  1365 | D:2      | Found the +7 staff of the Meek {protect, meekguard}
  2035 | D:3      | Reached skill level 1 in Staves
  2238 | D:3      | Found a sacrificial altar of Ru.
  2291 | D:3      | Became a worshipper of Ru the Awakened
  2456 | D:3      | Noticed Jessica
  2461 | D:3      | Killed Jessica
  2462 | D:3      | Reached XP level 4. HP: 34/34 MP: 4/7
  2595 | D:3      | Reached skill level 1 in Fighting
  2838 | D:4      | Noticed a phantom
  2846 | D:4      | Found an iron altar of Okawaru.
  2855 | D:4      | Killed a phantom
  2856 | D:4      | Reached XP level 5. HP: 23/40 MP: 8/8
  2957 | D:4      | Noticed an ogre
  2968 | D:4      | Killed an ogre
  2969 | D:4      | Reached skill level 5 in Fire Magic
  2969 | D:4      | Reached XP level 6. HP: 31/48 MP: 10/10
  3396 | D:4      | Gained mutation: You cannot be stealthy. [Ru sacrifice]
  3695 | D:5      | Entered Level 5 of the Dungeon
  3826 | D:5      | Your scales start taking on a lurid green colour.
  3826 | D:5      | Reached XP level 7. HP: 41/56 MP: 11/11
  3826 | D:5      | Gained mutation: Your system is resistant to poisons.
                  | (rPois) [Green Draconian growth]
  4107 | D:5      | Reached skill level 6 in Fire Magic
  4338 | D:5      | Reached XP level 8. HP: 57/66 MP: 13/13
  4801 | D:6      | Reached skill level 7 in Fire Magic
  4974 | D:6      | Found a runed translucent door.
  4980 | D:6      | Found a basalt altar of Yredelemnul.
  5608 | D:7      | Reached XP level 9. HP: 55/73 MP: 15/15
  5617 | D:7      | Found a staircase to the Ecumenical Temple.
  5859 | D:7      | Found a blossoming altar of Fedhas.
  5864 | D:7      | Found a white marble altar of Elyvilon.
  6050 | D:7      | Reached skill level 5 in Fighting
  6099 | D:7      | Gained mutation: You cannot study or use magical devices.
                  | [Ru sacrifice]
  6099 | D:7      | Reached * piety under Ru
  6099 | D:7      | Reached ** piety under Ru
  6099 | D:7      | Reached *** piety under Ru
  6149 | D:7      | Learned a level 2 spell: Scorch
  6153 | D:7      | Learned a level 3 spell: Inner Flame
  6157 | D:7      | Learned a level 3 spell: Volatile Blastmotes
  6162 | D:7      | Learned a level 4 spell: Flame Wave
  6547 | D:7      | Reached skill level 8 in Fire Magic
  6751 | D:7      | Reached skill level 5 in Staves
  6842 | D:7      | Reached skill level 5 in Spellcasting
  6974 | D:7      | Found an ancient bone altar of Kikubaaqudgha.
  6974 | D:7      | Found a shimmering altar of Xom.
  7123 | Temple   | Entered the Ecumenical Temple
  7370 | D:8      | Reached skill level 5 in Dodging
  7439 | D:8      | Noticed Grum
  7447 | D:8      | Killed Grum
  7533 | D:8      | Reached skill level 9 in Fire Magic
  7664 | D:8      | Found a staircase to the Lair.
  7706 | D:8      | Noticed Gastronok
  7728 | D:8      | Killed Gastronok
  7729 | D:8      | Reached XP level 10. HP: 41/84 MP: 6/18
  8518 | D:8      | Reached skill level 10 in Fire Magic
  8967 | D:9      | Learned a level 3 spell: Ignite Poison
  8970 | D:9      | Learned a level 2 spell: Cigotuvi's Dreadful Rot
  8987 | D:9      | Noticed Joseph
  9001 | D:9      | Killed Joseph
  9002 | D:9      | Reached skill level 1 in Poison Magic
  9314 | D:9      | Noticed an orange demon
  9336 | D:9      | Killed an orange demon
  9421 | D:9      | Noticed Amaemon
  9702 | D:9      | Gained mutation: You are hated by all. [Ru sacrifice]
  9702 | D:9      | Reached **** piety under Ru
 10018 | D:9      | Noticed a two-headed ogre
 10037 | D:9      | Killed a two-headed ogre
 10038 | D:9      | Reached XP level 11. HP: 13/92 MP: 15/20
 10051 | D:9      | Killed Amaemon
 10367 | D:9      | Noticed a two-headed ogre
 10372 | D:9      | Killed a two-headed ogre
 10446 | D:9      | Found a glowing silver altar of Zin.
 10446 | D:9      | Noticed an angel
 10544 | D:9      | Noticed Maurice
 10550 | D:9      | Killed Maurice
 10907 | D:10     | Entered Level 10 of the Dungeon
 11441 | D:10     | Found an opulent altar of Gozag.
 11655 | D:10     | Found a bloodstained altar of Trog.
 12115 | D:11     | Noticed a two-headed ogre
 12143 | D:10     | HP: 4/94 [vampire mosquito (10)]
 12144 | D:10     | Slain by a vampire mosquito

Illustrated notes

Levels and vault maps discovered:
D:1:      erik_arrival_blinker_ship, layout_basic,
          chequers_ecumenical_altar_twisty
D:2:      layout_loops_ring
D:3:      layout_basic, lemuel_round_altar, uniq_jessica
D:4:      layout_rooms, okawaru_gym_becter, serial_rivers,
          chequers_serial_rivers_room_b, chequers_serial_rivers_micro_e,
          chequers_serial_rivers_micro_b, chequers_serial_rivers_micro_b,
          feat_on_display
D:5:      layout_rooms, nicolae_nh_ransacked_shop
D:6:      layout_loops_ring, dk_yredelemnul_ordeal
D:7:      layout_loops_corners, chequers_temple_overflow_statue_of_worship,
          gammafunk_temple_overflow_statue,
          minmay_temple_entry_statues_fountains, nicolae_ossuary_entry_catacombs
D:8:      minmay_curly_fans, layout_basic, lair_entry_dummy, grunt_ministairs_9,
          uniq_grum, uniq_gastronok
D:9:      layout_stronghold, zin_angel, uniq_maurice, uniq_joseph, uniq_amaemon
D:10:     layout_rooms, old_standard_altar, mainiacjoe_overflow_surrounded_room
D:11:     minmay_the_grid_4x2 [minmay_the_grid_medium_cups,
          minmay_the_grid_garden, minmay_the_grid_gridbox,
          minmay_the_grid_paths, minmay_the_grid_minigrid_medium,
          minmay_the_grid_box_x, minmay_the_grid_embedded,
          minmay_the_grid_prize_trominoes], layout_small_grid, david_orc_4,
          serial_shops, nicolae_shop_crystal,
          nicolae_concentric_dashed_squares_mild
Temple:   nicolae_temple_bog_church

Skill      XL: |  1  2  3  4  5  6  7  8  9 10 11 |
---------------+----------------------------------+-----
Fire Magic     | 4 5 6 7 9 10 | 10.7
Staves         | 1 2 3 4 6 7 |  7.4
Dodging        | 2 3 4 5 6 7 |  7.1
Fighting       | 1 2 3 4 6 7 8 |  8.1
Stealth        | 0 |  0.0
Spellcasting   | 3 4 5 6 7 |  7.1
Poison Magic   | 2 4 |  4.2
Conjurations   | |  1.0

Action                     |  1- 3 |  4- 6 |  7- 9 | 10-12 || total
---------------------------+-------+-------+-------+-------++-------
  Melee: Short sword       |    20 |       |       |       ||    20
         Unarmed           |     1 |       |       |       ||     1
         Quarterstaff      |     6 |    31 |    94 |     1 ||   132
         Tailslap          |     1 |     2 |    14 |       ||    17
   Cast: Foxfire           |    67 |    56 |   161 |   113 ||   397
         Scorch            |       |       |    50 |   102 ||   152
         Inner Flame       |       |       |     3 |     2 ||     5
         Volatile Blastmot |       |       |     2 |    10 ||    12
         Cigotuvi's Dreadf |       |       |       |     1 ||     1
         Ignite Poison     |       |       |       |     1 ||     1
 Invoke: Sacrifice Stealth |       |     1 |       |       ||     1
         Sacrifice Artific |       |       |     1 |       ||     1
         Sacrifice Love    |       |       |       |     1 ||     1
Ability: Breathe Noxious F |       |       |     1 |       ||     1
    Use: Scroll            |       |     4 |     2 |    10 ||    16
         Potion            |       |       |       |     6 ||     6
 Armour: Skin              |    13 |    25 |   121 |    59 ||   218
  Dodge: Dodged            |    22 |    31 |   152 |   133 ||   338

Table legend: (Time is in decaauts)
 A = Elapsed time spent in this place.
 B = Non-inter-level travel time spent in this place.
 C = Inter-level travel time spent in this place.
 D = Time resting spent in this place.
 E = Time spent auto-exploring this place.
 F = Levels seen in this place.
 G = Mean time per level.
                   A        B        C        D        E       F      G
               +--------+--------+--------+--------+--------+-----+--------+
         Total |  12175 |  11580 |    595 |    197 |   9613 |  12 | 1014.6 |
       Dungeon |  11988 |  11416 |    572 |    197 |   9458 |  11 | 1089.8 |
        Temple |    186 |    164 |     22 |      0 |    154 |   1 |  186.0 |
               +--------+--------+--------+--------+--------+-----+--------+

Top non-repeatable levels by time:
     D:9: 2015 daAuts
     D:8: 1684 daAuts
     D:7: 1670 daAuts
     D:1: 1338 daAuts
     D:6: 1016 daAuts
     D:4: 908 daAuts
    D:10: 867 daAuts
     D:3: 831 daAuts
     D:5: 763 daAuts
     D:2: 688 daAuts
    D:11: 204 daAuts
  Temple: 186 daAuts
